 Dungeon Crawl Stone Soup version 0.31.0-11-ge490571c62 (webtiles) character file.

Game seed: 4668962816305009882

150 qw the Shooter (level 5, -2/26 HPs)
             Began as a Spriggan Hunter on Feb 4, 2024.
             Killed by nerve-wracking pain
             ... invoked by an orc priest
              (14 damage)
             ... on level 3 of the Dungeon.
             The game lasted 00:00:31 (1965 turns).

qw the Shooter (Spriggan Hunter)                    Turns: 1965, Time: 00:00:31

Health: -2/26      AC:  2    Str:  7    XL:     5   Next: 10%
Magic:  6/6        EV: 20    Int: 10    God:
Gold:   91         SH:  0    Dex: 21    Spells: 4/4 levels left

rFire   . . .        a - +1 shortbow
rCold   . . .        (shield currently unavailable)
rNeg    . . .        c - +0 robe
rPois   .            (helmet restricted)
rElec   .            (no cloak)
rCorr   .            (gloves unavailable)
SInv    +            (boots unavailable)
Will    .....        (no amulet)
Stlth   ++           (no ring)
HPRegen 0.24/turn    (no ring)
MPRegen 0.10/turn

%: no passive effects
@: very quick
A: very small, no large weapons, unfitting armour, see invisible, speed 3
a: no special abilities


You were on level 3 of the Dungeon.
You visited 1 branch of the dungeon, and saw 3 of its levels.

You collected 91 gold pieces.


Innate Abilities, Weirdness & Mutations

You are very small and have problems with some larger weapons.
You are too small for most types of armour.
You have supernaturally acute eyesight. (SInv)
You cover ground extremely quickly. (Speed+++)


   Skills:
 - Level 2.0 Fighting
 + Level 5.2 Ranged Weapons
 - Level 5.1 Dodging
 - Level 1.5 Stealth


You had 4 spell levels left.
You didn't know any spells.
Your spell library was empty.

Inventory:

Hand Weapons
 a - a +1 shortbow (weapon)
Armour
 c - a +0 robe (worn)
Scrolls
 b - a scroll of enchant armour
Potions
 e - 2 potions of curing
 f - a potion of mutation

Dungeon Overview and Level Annotations

Branches:
Dungeon (3/15)

Altars:


Message History

The orc misses you.
You shoot an arrow.
The arrow hits the orc but does no damage.
The orc is lightly wounded.
The orc closely misses you.
You shoot an arrow. The arrow hits the orc!
You kill the orc!
You shoot an arrow.
The arrow hits the orc priest but does no damage.
The orc priest is heavily wounded.
The orc priest looks encouraged for a moment.
You shoot an arrow.
The arrow hits the orc priest but does no damage.
The orc priest is heavily wounded.
The orc priest closely misses you.
You shoot an arrow.
The arrow hits the orc priest but does no damage.
The orc priest is heavily wounded.
The orc priest hits you with a +0 whip. The orc priest barely misses you.
You shoot an arrow. The arrow hits the orc priest.
The orc priest is heavily wounded.
The orc priest closely misses you.
You shoot an arrow. The arrow hits the orc priest.
The orc priest is almost dead.
The orc priest calls down the wrath of Beogh upon you.
Beogh smites you!
Ouch! That really hurt!
You shoot an arrow. The arrow barely misses the orc priest.
The orc priest closely misses you.
You shoot an arrow.
The arrow hits the orc priest but does no damage.
The orc priest is almost dead.
The orc priest casts a cantrip, but nothing happens.
You shoot an arrow.
The arrow hits the orc priest but does no damage.
The orc priest is almost dead.
The orc priest mumbles some strange prayers to Beogh against you.
Pain shoots through your body!
Ouch! That really hurt!
You die...

.......... #..#.........
. #.....#####.. ..
#.##..# #.< ... #.##..#
#.. .... #.##..# #..
..... #.##..#####..
......######.##.........
......o@........###.###.
#.##########.##.###.# #.
#........# #. ###.######
. #.# . #.# . #.# . #.#
#..


You could see an orc priest.

Vanquished Creatures
  Jessica (D:2)
  An orc wizard (D:3)
  5 adders (D:2)
  3 dart slugs
  3 orcs (D:3)
  3 ball pythons (D:1)
  3 bats (D:2)
  5 endoplasms
  3 giant cockroaches
  4 goblins
  2 hobgoblins
  8 quokkas
  A frilled lizard (D:1)
  A kobold (D:1)
  A rat (D:1)
44 creatures vanquished.

Notes
Turn   | Place    | Note
-------+----------+-------------------------------------------
     0 | D:1      | qw the Spriggan Hunter began the quest for the Orb.
     0 | D:1      | Reached XP level 1. HP: 10/10 MP: 2/2
     0 | D:1      | 0 ||| qw: Version: 0.3-a-160-g6735b56
     0 | D:1      | 0 ||| qw: Game counter: 5730
     0 | D:1      | 0 ||| qw: Melee chars always use a shield: true
     0 | D:1      | 0 ||| qw: God list: Okawaru
     0 | D:1      | 0 ||| qw: Allow faded altars: false
     0 | D:1      | 0 ||| qw: Do Orc after clearing Dungeon:15 true
     0 | D:1      | 0 ||| qw: Do second Lair branch before Depths: true
     0 | D:1      | 0 ||| qw: Lair rune preference: random
     0 | D:1      | 0 ||| qw: Goals: Normal
     0 | D:1      | 0 ||| PLANNING D:1-11
    73 | D:1      | Reached skill level 3 in Dodging
   231 | D:1      | Reached XP level 2. HP: 14/14 MP: 3/3
   636 | D:1      | Reached XP level 3. HP: 18/18 MP: 4/4
   775 | D:1      | 775 ||| READING scroll labelled TUEPNESTREU.
   775 | D:1      | 775 ||| ENCHANTING +0 shortbow.
   776 | D:1      | 776 ||| READING 2 scrolls labelled QIFEYG GEHEUHEO.
   776 | D:1      | 776 ||| IDENTIFYING metallic pink potion
   777 | D:1      | 777 ||| READING scroll of identify.
   777 | D:1      | 777 ||| IDENTIFYING 2 bubbling purple potions
   778 | D:1      | 778 ||| DROPPING scroll of butterflies.
   912 | D:2      | Found a faded altar of an unknown god.
  1027 | D:2      | Noticed Jessica
  1035 | D:2      | Killed Jessica
  1036 | D:2      | Reached XP level 4. HP: 21/22 MP: 5/5
  1788 | D:2      | 1788 ||| READING scroll labelled SYEL IRABYOK.
  1889 | D:2      | 1889 ||| READING scroll labelled OZICUMNAFO.
  1889 | D:2      | 1889 ||| ENCHANTING +0 shortbow.
  1948 | D:3      | Reached XP level 5. HP: 26/26 MP: 6/6
  1965 | D:3      | Killed from afar by an orc priest

Levels and vault maps discovered:
D:1:      amcnicky_arrival_choice, layout_loops_corners
D:2:      layout_basic, hellmonk_ecumenical_altar_pennies_from_heaven,
          uniq_jessica
D:3:      kennysheep_six_static_rooms, layout_loops_ring,
          nicolae_overflow_ecumenical_swirl, serial_shops,
          nicolae_shop_rolled_up, wad_orctagon

Skill      XL: |  1  2  3  4 |
---------------+-------------+-----
Dodging        | 3 4 5 |  5.1
Ranged Weapons | 5 |  5.2
Fighting       | 2 |  2.0
Stealth        | |  1.5

Action                     |  1- 3 |  4- 6 || total
---------------------------+-------+-------++-------
   Fire: Shortbow          |    81 |    79 ||   160
    Use: Scroll            |     3 |     2 ||     5
 Armour: Robe              |    11 |    10 ||    21
  Dodge: Dodged            |    24 |    38 ||    62

Table legend:
 A = Non-vault XP
 B = Vault XP
 C = Vault XP percentage of total XP
 D = Non-vault monster count
 E = Vault monster count
 F = Vault count percentage of total count
                 A         B        C        D         E       F
            +---------+---------+-------+---------+---------+-------
      Total |     178 |      37 |  17.2 |      43 |       1 |   2.3
            +---------+---------+-------+---------+---------+-------
        D:1 |      41 |       0 |   0.0 |      21 |       0 |   0.0
        D:2 |      92 |      37 |  28.7 |      18 |       1 |   5.3
        D:3 |      45 |       0 |   0.0 |       4 |       0 |   0.0
            +---------+---------+-------+---------+---------+-------
